 Dungeon Crawl Stone Soup version 0.27-a0-1181-g5f64966fcc (webtiles) character file.

Game seed: 11657521565635417967

576 Sobieck the Chopper (level 7, -2/55 HPs)
             Began as a Demonspawn Fighter on May 17, 2021.
             Was a Follower of Uskayaw.
             Engulfed by a cloud of flame (18 damage)
             ... on level 5 of the Dungeon.
             The game lasted 00:11:16 (5771 turns).

Sobieck the Chopper (Demonspawn Fighter)            Turns: 5771, Time: 00:11:16

Health: -2/55      AC: 12    Str: 18    XL:     7   Next: 12%
Magic:  7/8        EV:  7    Int: 16    God:    Uskayaw [*.....]
Gold:   161        SH: 10    Dex: 18    Spells: 6/6 levels left

rFire    . . .     SeeInvis .   a - +0 war axe {axe}
rCold    . . .     Faith    .   c - +0 kite shield
rNeg     . . .     Spirit   .   f - +0 scale mail
rPois    .         Reflect  .   (helmet restricted)
rElec    .         Harm     .   (no cloak)
rCorr    .         Rampage  .   n - +1 pair of gloves
Will     .....                  (no boots)
Stlth    ..........             (no amulet)
HPRegen  0.18/turn              w - +6 ring of intelligence
MPRegen  0.11/turn              D - +6 ring of dexterity

@: no status effects
A: antennae 1, yellow scales 2, spiny 1
a: Renounce Religion, Stomp


You were on level 5 of the Dungeon.
You worshipped Uskayaw.
Uskayaw was noncommittal.
You visited 1 branch of the dungeon, and saw 6 of its levels.

You collected 161 gold pieces.


Innate Abilities, Weirdness & Mutations

You have a pair of small antennae on your head.
You are mostly covered in yellow scales. (AC +3)
You are partially covered in sharp spines.


   Skills:
 + Level 4.4 Fighting
 * Level 4.6 Axes
 + Level 4.0 Armour
 + Level 4.0 Shields
 + Level 1.4 Invocations


You had 6 spell levels left.
You didn't know any spells.
Your spell library contained the following spells:

 Spells                   Type           Power      Damage    Failure   Level
 Beastly Appendage        Tmut           0%         N/A       97%         1
 Wereblood                Tmut           0%         N/A       99%         2
 Spider Form              Tmut/Pois      0%         N/A       100%        3
 Ice Form                 Ice/Tmut       0%         N/A       100%        4
 Hydra Form               Tmut           0%         N/A       100%        5

Inventory:

Hand Weapons
 a - a +0 war axe (weapon) {axe}
 b - a +2 hunting sling of flaming {sling}
   (You found it on level 1 of the Dungeon)
 q - a +1 vorpal hand axe {axe}
   (You found it on level 2 of the Dungeon)
 E - a +1 flail of draining {mace}
   (You took it off an orc on level 3 of the Dungeon)
 F - a +0 flail {mace}
   (You took it off an orc on level 3 of the Dungeon)
Missiles
 h - 6 boomerangs (quivered) {throwing}
 i - 243 stones {throwing}
 m - 52 sling bullets
 p - 14 poisoned darts {throwing}
 C - 35 bolts
 L - 25 arrows
Armour
 c - a +0 kite shield (worn)
 f - a +0 scale mail (worn)
 n - a +1 pair of gloves (worn)
   (You found it on level 1 of the Dungeon)
 s - a +1 robe of positive energy
   (You found it on level 2 of the Dungeon)
 A - a +0 pair of boots
   (You found it on level 3 of the Dungeon)
Jewellery
 w - a +6 ring of intelligence (left hand)
   (You found it on level 2 of the Dungeon)
 y - a ring of wizardry
   (You found it on level 3 of the Dungeon)
 D - a +6 ring of dexterity (right hand)
   (You found it on level 3 of the Dungeon)
Wands
 G - a wand of mindburst (11)
   (You found it on level 3 of the Dungeon)
 O - a wand of digging (4)
   (You found it on level 5 of the Dungeon)
Scrolls
 k - a scroll of amnesia
 l - a scroll of teleportation {@r4}
 o - a scroll of enchant armour
 z - 3 scrolls of vulnerability {unknown}
 B - a scroll of brand weapon {unknown}
 H - a scroll of enchant weapon {unknown}
 J - a scroll of acquirement {unknown}
 N - a scroll of fear {unknown}
Potions
 d - a potion of might
 e - a potion of lignification {!q}
 g - a potion of heal wounds {@q2}
 j - a potion of ambrosia
 t - a potion of brilliance
 I - a potion of flight {unknown}
 K - a potion of curing {unknown}
 M - a potion of attraction {!q}
 P - a potion of invisibility {unknown}

Dungeon Overview and Level Annotations

Branches:
Dungeon (6/15)
 Temple: D:4-7

Altars:
Elyvilon
Uskayaw
Zin
The Shining One

Shops:
D:2 [

Annotations:
D:3 exclusion: downstairs
D:4 exclusion: downstairs
D:5 exclusion: downstairs
D:6 Pikel

.. ### .
#.. . #ยง#
.# #.# ##.#
#ยง# ...
#@##.#.##
#ยงยง.....#
#.#####..#
#.# #.# #.#
#.# #.. ##
#+


There were no monsters in sight!


Message History

i - 217 stones {throwing} (gained 1)
You see here a jackal corpse.
i - 220 stones {throwing} (gained 3)
i - 221 stones {throwing} (gained 1)
You see here a howler monkey corpse.
You sense a monster nearby.
i - 226 stones {throwing} (gained 5)
You enter the shallow water.
Moving in this stuff is going to be slow.
i - 228 stones {throwing} (gained 2)
You see here a jackal corpse.
A jackal comes into view.
The jackal barks!
No reachable target in view!
No reachable target in view!
No reachable target in view!
Unknown command.
You closely miss the jackal.
The jackal bites you but does no damage.
You block the jackal's attack.
You closely miss the jackal. You block the jackal's attack.
The jackal bites you but does no damage.
You hit the jackal but do no damage. The jackal barely misses you.
The jackal closely misses you.
You hit the jackal but do no damage. The jackal barely misses you. x2
You slash the jackal!
You kill the jackal!
No target in view!
You see here a jackal corpse.
i - 243 stones {throwing} (gained 15)
You enter the shallow water.
Moving in this stuff is going to be slow.
The orc shouts!
P - a coppery potion
As you read the scroll labelled WIAZEA RIFIM, it crumbles to dust.
It is a scroll of amnesia.
You feel forgetful for a moment.
As you read the scroll labelled ADUDAGRIALU, it crumbles to dust.
You feel strangely unstable.
It was a scroll of teleportation.
As you read the scroll labelled SEUSYKHAULL, it crumbles to dust.
It is a scroll of enchant armour.
Your +0 pair of gloves glows green for a moment.
Your surroundings suddenly seem different.
Keep equipping yourself? [Y]es or [N]o only, please.
Keep equipping yourself? [Y]es or [N]o only, please.
Keep equipping yourself?
You stop putting on your armour.
Keep equipping yourself? [Y]es or [N]o only, please.
Keep equipping yourself? [Y]es or [N]o only, please.
Keep equipping yourself?
You stop putting on your armour.
An iguana comes into view.
The iguana hisses angrily.
You slash the iguana! The iguana barely misses you. x2
You hit the iguana. The iguana is struck by your spines.
The iguana bites you but does no damage.
You can now pass through a line of other dancers.
You hit the iguana. The iguana bites you.
You block the iguana's attack. ๐Ÿ˜• HP[-3]
You take 3 damage, and now have 52/55 hp.
You closely miss the iguana. The iguana closely misses you.
You slash the iguana!
You kill the iguana! ๐Ÿ˜• HP[+1]
As you read the scroll labelled IWKICL OGGAME, it crumbles to dust.
Wisps of shadow whirl around you...
It was a scroll of summoning.
Unknown command.
As you read the scroll labelled NYTO ZYKYCY, it crumbles to dust.
It is a scroll of identify.
e - a potion of lignification
As you read the scroll of identify {@r1}, it crumbles to dust.
g - a potion of heal wounds
As you read the scroll of identify {@r1}, it crumbles to dust.
M - a potion of attraction ๐Ÿ˜• HP[+1]
As you read the scroll of identify {@r1}, it crumbles to dust.
j - a potion of ambrosia You can no longer pass through a line of other dancers.
As you read the scroll of identify {@r1}, it crumbles to dust.
t - a potion of brilliance
As you read the scroll labelled FIUTAO AMAIXO, it crumbles to dust.
The creatures around you are filled with an inner flame!
It was a scroll of immolation.
As you read the scroll labelled IFOXEG VAIT, it crumbles to dust.
You speak a Word of immense power!
You are blasted by holy energy!
Your wyvern skeleton convulses!
Your ufetubus convulses!
It was a scroll of holy word.
The fiery explosion engulfs your centaur!!
Flame seeps out of your centaur.
Your centaur dissolves into shadows!
The fiery explosion engulfs you!
* * * LOW HITPOINT WARNING * * *
You are engulfed in blazing flames.
You die...

Skill      XL: |  1  2  3  4  5  6 |
---------------+-------------------+-----
Axes           | 2 3 4 |  4.6
Armour         | 3 4 |  4.0
Shields        | 3 4 |  4.0
Fighting       | 4 |  4.4
Invocations    | 1 |  1.4

Action                   |  1- 3 |  4- 6 |  7- 9 || total
-------------------------+-------+-------+-------++-------
Melee: War axe           |    23 |   170 |    12 ||   205
 Fire: Hunting sling     |     6 |    44 |     1 ||    51
Throw: Boomerang         |       |     3 |       ||     3
  Use: Scroll            |       |       |    11 ||    11
 Stab: Paralysed         |       |     4 |       ||     4
Armor: Scale mail        |    10 |    73 |     5 ||    88
Dodge: Dodged            |     7 |    71 |     7 ||    85
Block: Kite shield       |     9 |    98 |     4 ||   111

Levels and vault maps discovered:
D:1:      eino_arrival_druids_welcome, layout_loops_cross,
          ebering_ecumenical_altar_mist, minmay_tree_intersection,
          eino_curves_03
D:2:      layout_loops_ring, serial_shops, shop, serial_rivers,
          chequers_serial_rivers_large_b, chequers_serial_rivers_micro_d,
          chequers_serial_rivers_large_a, chequers_serial_rivers_micro_b
D:3:      layout_loops_ring, old_standard_altar, lemuel_doored_altar
D:4:      layout_basic, lemuel_coloured_pillars_altar,
          nicolae_elyvilon_peaceful_grove, cheibrodos_sewer_entry_bend,
          serial_bayou_lagoon_a
D:5:      lemuel_castle_with_subvaults [lemuel_castle_interior_original],
          layout_loops_corners, grunt_ministairs_12
D:6:      lemuel_slime, layout_loops_corners, uniq_pikel

Notes
Turn   | Place    | Note
-------+----------+-------------------------------------------
     0 | D:1      | Sobieck the Demonspawn Fighter began the quest for the Orb.
     0 | D:1      | Reached XP level 1. HP: 18/18 MP: 1/1
     0 | D:1      | magus.rc [v1.9.6]
    69 | D:1      | Found a faded altar of an unknown god.
   117 | D:1      | Reached skill level 2 in Axes
   143 | D:1      | Gained mutation: You are partially covered in sharp spines.
                  | [demonic ancestry]
   143 | D:1      | Reached XP level 2. HP: 24/24 MP: 2/2
   783 | D:3      | Reached XP level 3. HP: 21/29 MP: 3/3
   784 | D:3      | Reached skill level 3 in Armour
   784 | D:3      | Reached skill level 3 in Shields
   878 | D:3      | Gained mutation: You have a pair of small antennae on your
                  | head. [demonic ancestry]
   878 | D:3      | Reached XP level 4. HP: 34/35 MP: 4/4
   890 | D:3      | Reached skill level 3 in Axes
  1182 | D:2      | You pick up a book of Changes and begin reading...
  1182 | D:2      | You add the spells Beastly Appendage, Wereblood, Spider
                  | Form, Ice Form and Hydra Form to your library.
  1328 | D:2      | Found Jixujaiz's Armour Shop.
  1973 | D:3      | magus.rc [v1.9.6]
  2376 | D:3      | Gained mutation: You are partially covered in yellow
                  | scales. (AC +2) [demonic ancestry]
  2376 | D:3      | Reached XP level 5. HP: 41/42 MP: 5/5
  2422 | D:3      | Found a hide-covered altar of Uskayaw.
  2493 | D:3      | Became a worshipper of Uskayaw the Reveller
  2643 | D:3      | Reached * piety under Uskayaw
  2650 | D:3      | Reached ** piety under Uskayaw
  3057 | D:5      | Entered Level 5 of the Dungeon
  3070 | D:4      | HP: 9/42 [gnoll/+0 whip (7)]
  3397 | D:4      | Reached skill level 4 in Fighting
  3397 | D:4      | Reached XP level 6. HP: 38/48 MP: 6/6
  4209 | D:5      | Reached skill level 4 in Axes
  4209 | D:5      | Reached *** piety under Uskayaw
  4586 | D:6      | Noticed Pikel
  4927 | D:5      | Reached **** piety under Uskayaw
  4932 | D:5      | Reached ***** piety under Uskayaw
  5205 | D:5      | HP: 6/49 [gnoll/+0 flail (8)]
  5656 | D:5      | Reached skill level 4 in Shields
  5669 | D:5      | Reached skill level 4 in Armour
  5677 | D:5      | Reached skill level 1 in Invocations
  5677 | D:5      | Gained mutation: You are mostly covered in yellow scales.
                  | (AC +3) [demonic ancestry]
  5677 | D:5      | Reached XP level 7. HP: 55/55 MP: 7/7
  5771 | D:5      | Engulfed by a cloud of flame

Vanquished Creatures
  2 lemures (D:5)
  A scorpion (D:4)
  2 howler monkeys (D:5)
  2 hounds (D:5)
  An orc priest (D:3)
  A gnoll shaman (D:5)
  2 iguanas (D:5)
  An orc wizard (D:3)
  4 adders
  9 gnolls
  5 worms
  2 dart slugs
  9 orcs
  4 endoplasms
  2 giant cockroaches
  7 goblins
  6 hobgoblins
  24 jackals
  3 quokkas
  7 ball pythons
  A bat (D:3)
  A frilled lizard (D:2)
  A kobold (D:3)
97 creatures vanquished.

Vanquished Creatures (others)
  A butterfly (D:4)
  52 plants
53 creatures vanquished.

Grand Total: 150 creatures vanquished

Table legend:
 A = Non-vault XP
 B = Vault XP
 C = Vault XP percentage of total XP
 D = Non-vault monster count
 E = Vault monster count
 F = Vault count percentage of total count
                 A         B        C        D         E       F
            +---------+---------+-------+---------+---------+-------
      Total |     551 |     272 |  33.0 |      71 |      24 |  25.3
            +---------+---------+-------+---------+---------+-------
        D:1 |      19 |       0 |   0.0 |       9 |       0 |   0.0
        D:2 |      18 |       0 |   0.0 |       7 |       0 |   0.0
        D:3 |     213 |       0 |   0.0 |      35 |       0 |   0.0
        D:4 |     140 |      39 |  21.8 |      16 |       4 |  20.0
        D:5 |     161 |     233 |  59.1 |       4 |      20 |  83.3
            +---------+---------+-------+---------+---------+-------

Illustrated notes

Table legend:
 A = Kills in this place as a percentage of kills in entire the game.
 B = Kills by you in this place as a percentage of kills by you in the entire game.
 C = Kills by friends in this place as a percentage of kills by friends in the entire game.
 D = Other kills in this place as a percentage of other kills in the entire game.
 E = Experience gained in this place as a percentage of experience gained in the entire game.
 F = Experience gained in this place divided by the number of levels of this place that you have seen.
                   A       B       C       D       E      F
               +-------+-------+-------+-------+-------+----------------------
         Total | 100.0 | 100.0 |   N/A |   N/A | 100.0 | 137.2
       Dungeon | 100.0 | 100.0 |   N/A |   N/A | 100.0 | 137.2
               +-------+-------+-------+-------+-------+----------------------

Table legend: (Time is in decaauts)
 A = Elapsed time spent in this place.
 B = Non-inter-level travel time spent in this place.
 C = Inter-level travel time spent in this place.
 D = Time resting spent in this place.
 E = Time spent auto-exploring this place.
 F = Levels seen in this place.
 G = Mean time per level.
                   A        B        C        D        E       F      G
               +--------+--------+--------+--------+--------+-----+--------+
         Total |   5971 |   5693 |    278 |   1673 |   3156 |   6 |  995.2 |
       Dungeon |   5971 |   5693 |    278 |   1673 |   3156 |   6 |  995.2 |
               +--------+--------+--------+--------+--------+-----+--------+

Top non-repeatable levels by time:
     D:4: 1611 daAuts
     D:3: 1407 daAuts
     D:5: 1364 daAuts
     D:2: 818 daAuts
     D:1: 764 daAuts
     D:6: 4 daAuts
